SL
AUSTIN RANGERS @ RICHARDSON CITY THUNDERCATS
09/11/2020
 
TOP OF THE 1ST
Austin Rangers batting - Pitching for Richardson City Thundercats : RHP Josef van der Poel
Pitching: RHP Josef van der Poel
Batting: LHB Phil Ritchie 0-0: Called Strike
0-1: Foul Ball, location: 2F
0-2: Strikes out swinging
Batting: SHB Todd Schenkel 0-0: Ball
1-0: Ground out 1-3 (Groundball, 13S)
Batting: LHB Trent Kershaw 0-0: Swinging Strike
0-1: Ground out 3-1 (Groundball, 34)
Top of the 1st over - 0 run(s), 0 hit(s), 0 error(s), 0 left on base; Austin 0 - Richardson City 0
BOTTOM OF THE 1ST
Richardson City Thundercats batting - Pitching for Austin Rangers : RHP Art Adams
Pitching: RHP Art Adams
Batting: SHB Leonard O'Connor 0-0: Ball
1-0: Ball
2-0: Ball
3-0: Called Strike
3-1: Fly out, F7 (Popup, 56D)
Batting: RHB Steve Dunn 0-0: Foul Ball, location: 2F
0-1: Foul Ball, location: 2F
0-2: Foul Ball, location: 2F
0-2: SINGLE (Line Drive, 89S)
Batting: RHB Ray Porch 0-0: SINGLE (Groundball, 34D)
Steve Dunn to second
Runner from 2nd tries for 3rd, SAFE, throw made to third
Batting: LHB Terrence Eler 0-0: SINGLE (Line Drive, 89S)
Steve Dunn scores
Ray Porch to second
Batting: RHB Joey Jones 0-0: Called Strike
0-1: SINGLE (Groundball, 34D)
Ray Porch to third
Terrence Eler to second
Runner from 3rd tries for Home, throw and OUT!
Terrence Eler to third
Joey Jones to second
Batting: SHB Eugene Parrish 0-0: Called Strike
0-1: Ball
1-1: Swinging Strike
1-2: Strikes out swinging
Bottom of the 1st over - 1 run(s), 4 hit(s), 0 error(s), 2 left on base; Austin 0 - Richardson City 1
TOP OF THE 2ND
Austin Rangers batting - Pitching for Richardson City Thundercats : RHP Josef van der Poel
Batting: RHB Florian Cesaresco 0-0: Ball
1-0: Swinging Strike
1-1: Called Strike
1-2: Ball
2-2: Ground out 6-3 (Groundball, 6)
Batting: RHB Max White 0-0: Ball
1-0: Ball
2-0: Foul Ball, location: 2F
2-1: Swinging Strike
2-2: Foul Ball, location: 2F
2-2: Foul Ball, location: 2F
2-2: Ball
3-2: Foul Ball, location: 2F
3-2: Foul Ball, location: 2F
3-2: Fly out, F8 (Flyball, 8LD)
Batting: RHB Joaquín Parra 0-0: Ball
1-0: Ground out 6-3 (Groundball, 6)
Top of the 2nd over - 0 run(s), 0 hit(s), 0 error(s), 0 left on base; Austin 0 - Richardson City 1
BOTTOM OF THE 2ND
Richardson City Thundercats batting - Pitching for Austin Rangers : RHP Art Adams
Batting: LHB Jerry Wilson 0-0: Ball
1-0: Foul Ball, location: 2F
1-1: Bunt for hit - play at first, batter safe!
Batting: SHB Josef van der Poel 0-0: Sac Bunt - play at first, batter OUT! 1-4
Jerry Wilson to second
Batting: RHB Ron Ward 0-0: Ball
Wild Pitch!
Jerry Wilson to third
1-0: Ball
2-0: Called Strike
2-1: Ball
3-1: Foul Ball, location: 2F
3-2: SINGLE (Line Drive, 89S)
Jerry Wilson scores
Batting: SHB Leonard O'Connor 0-0: Fly out, F9 (Flyball, 89M)
Batting: RHB Steve Dunn 0-0: Ball
1-0: Ground out 1-3 (Groundball, 15S)
Bottom of the 2nd over - 1 run(s), 2 hit(s), 0 error(s), 1 left on base; Austin 0 - Richardson City 2
TOP OF THE 3RD
Austin Rangers batting - Pitching for Richardson City Thundercats : RHP Josef van der Poel
Batting: RHB Randy Gregory 0-0: Called Strike
0-1: Ball
1-1: Foul Ball, location: 2F
1-2: Foul Ball, location: 2F
1-2: Ball
2-2: Ground out 6-3 (Groundball, 6)
Batting: RHB Joseph Pate 0-0: Called Strike
0-1: Swinging Strike
0-2: Foul Ball, location: 2F
0-2: Foul Ball, location: 2F
0-2: Ball
1-2: Fly out, F8 (Flyball, 8LM)
Batting: RHB Art Adams 0-0: Called Strike
0-1: Reached on error, E6 (Groundball, 6)
Batting: LHB Phil Ritchie 0-0: Ball
1-0: Called Strike
1-1: Fly out, F6 (Line Drive, 6)
Top of the 3rd over - 0 run(s), 0 hit(s), 1 error(s), 1 left on base; Austin 0 - Richardson City 2
BOTTOM OF THE 3RD
Richardson City Thundercats batting - Pitching for Austin Rangers : RHP Art Adams
Batting: RHB Ray Porch 0-0: Ball
1-0: Called Strike
1-1: Fly out, F3 (Popup, 23)
Batting: LHB Terrence Eler 0-0: Ball
1-0: Ball
2-0: Foul Ball, location: 2F
2-1: Called Strike
2-2: Strikes out swinging
Batting: RHB Joey Jones 0-0: Ball
1-0: Ball
2-0: Fly out, F4 (Line Drive, 4)
Bottom of the 3rd over - 0 run(s), 0 hit(s), 0 error(s), 0 left on base; Austin 0 - Richardson City 2
TOP OF THE 4TH
Austin Rangers batting - Pitching for Richardson City Thundercats : RHP Josef van der Poel
Batting: SHB Todd Schenkel 0-0: Ball
1-0: Ball
2-0: Ball
3-0: Foul Ball, location: 2F
3-1: Base on Balls
Batting: LHB Trent Kershaw 0-0: Ball
1-0: Called Strike
1-1: Ball
Todd Schenkel is caught stealing 2nd base
2-1: Ground out 4-3 (Groundball, 4)
Batting: RHB Florian Cesaresco 0-0: Ball
1-0: Ground out 1-3 (Groundball, 13S)
Top of the 4th over - 0 run(s), 0 hit(s), 0 error(s), 0 left on base; Austin 0 - Richardson City 2
BOTTOM OF THE 4TH
Richardson City Thundercats batting - Pitching for Austin Rangers : RHP Art Adams
Batting: SHB Eugene Parrish 0-0: SINGLE (Groundball, 34D)
Batting: LHB Jerry Wilson 0-0: SINGLE (Groundball, 4MD)
Eugene Parrish to second
Batting: SHB Josef van der Poel 0-0: Bunt missed!
0-1: Bunted foul
0-2: Ball
1-2: Bunted foul, Strikeout!
Batting: RHB Ron Ward 0-0: Called Strike
0-1: Swinging Strike
0-2: Foul Ball, location: 2F
0-2: Foul Ball, location: 2F
0-2: Foul Ball, location: 2F
0-2: Ball
1-2: Strikes out swinging
Batting: SHB Leonard O'Connor 0-0: DOUBLE (Line Drive, 7LM)
Eugene Parrish scores
Jerry Wilson to third
Runner from 3rd tries for Home, SAFE, no throw or cutoff
Batting: RHB Steve Dunn 0-0: Foul Ball, location: 2F
0-1: Foul Ball, location: 2F
0-2: Ball
1-2: Ball
2-2: Foul Ball, location: 2F
2-2: Ball
3-2: SINGLE (Groundball, 5D)
Leonard O'Connor to third
Leonard O'Connor scores
Batting: RHB Ray Porch 0-0: Called Strike
0-1: Ball
1-1: Ball
2-1: Swinging Strike
2-2: Ball
3-2: Ground out U3 (Groundball, 3)
Bottom of the 4th over - 3 run(s), 4 hit(s), 0 error(s), 1 left on base; Austin 0 - Richardson City 5
TOP OF THE 5TH
Austin Rangers batting - Pitching for Richardson City Thundercats : RHP Josef van der Poel
Batting: RHB Max White 0-0: Ball
1-0: Ground out 5-3 (Groundball, 5L)
Batting: RHB Joaquín Parra 0-0: SINGLE (Line Drive, 78M)
Batting: RHB Randy Gregory 0-0: Ball
1-0: Called Strike
1-1: Foul Ball, location: 2F
1-2: Fly out, F8 (Flyball, 8RS)
Batting: RHB Joseph Pate 0-0: Ball
1-0: Ball
2-0: Foul Ball, location: 2F
2-1: Ball
3-1: Base on Balls
Joaquín Parra to second
Pinch Hitting: RHB Chip Teague 0-0: Ball
1-0: Called Strike
1-1: SINGLE (Groundball, 6MD)
Joaquín Parra to third
Joseph Pate to second
Runner from 3rd tries for Home, SAFE, no throw or cutoff
Pitching: RHP Stanley Neal
Batting: LHB Phil Ritchie 0-0: Ball
1-0: Called Strike
1-1: Swinging Strike
1-2: Ball
2-2: Ball
3-2: SINGLE (Line Drive, 5D)
Joseph Pate to third
Chip Teague to second
Joseph Pate scores
Chip Teague to third
Batting: SHB Todd Schenkel 0-0: Called Strike
0-1: Swinging Strike
0-2: Foul Ball, location: 2F
0-2: Ball
1-2: Ball
2-2: Ball
3-2: Fly out, F7 (Flyball, 78D)
Top of the 5th over - 2 run(s), 3 hit(s), 0 error(s), 2 left on base; Austin 2 - Richardson City 5
BOTTOM OF THE 5TH
Richardson City Thundercats batting - Pitching for Austin Rangers : RHP Art Adams
Pitching: RHP Owen Henderson
Batting: LHB Terrence Eler 0-0: Ball
1-0: Fly out, F7 (Flyball, 7LSF)
Batting: RHB Joey Jones 0-0: Called Strike
0-1: Ball
1-1: Swinging Strike
1-2: Ball
2-2: Ball
3-2: Fly out, F9 (Flyball, 89S)
Batting: SHB Eugene Parrish 0-0: Ground out 4-3 (Groundball, 4)
Bottom of the 5th over - 0 run(s), 0 hit(s), 0 error(s), 0 left on base; Austin 2 - Richardson City 5
TOP OF THE 6TH
Austin Rangers batting - Pitching for Richardson City Thundercats : RHP Stanley Neal
Batting: LHB Trent Kershaw 0-0: Called Strike
0-1: Called Strike
0-2: Ground out U3 (Groundball, 3)
Batting: RHB Florian Cesaresco 0-0: Ground out 5-3 (Groundball, 56)
Batting: RHB Max White 0-0: Foul Ball, location: 2F
0-1: Hit by Pitch
Batting: RHB Joaquín Parra 0-0: DOUBLE (Flyball, 89D)
Max White to third
Runner from 3rd tries for Home, SAFE, throw made at trailing runner, SAFE at third!
Batting: RHB Randy Gregory 0-0: Ball
1-0: SINGLE (Line Drive, 6MD)
Joaquín Parra scores
Pitching: RHP Eduardo Díaz
Now at C: Will Thomas
Batting: RHB Joseph Pate 0-0: Ball
1-0: Fly out, F8 (Flyball, 8LM)
Top of the 6th over - 2 run(s), 2 hit(s), 0 error(s), 1 left on base; Austin 4 - Richardson City 5
BOTTOM OF THE 6TH
Richardson City Thundercats batting - Pitching for Austin Rangers : RHP Owen Henderson
Batting: LHB Jerry Wilson 0-0: Ground out 4-3 (Groundball, 4)
Batting: RHB Will Thomas 0-0: Ball
1-0: Ball
2-0: Swinging Strike
2-1: Ball
3-1: Called Strike
3-2: Base on Balls
Batting: RHB Ron Ward 0-0: Called Strike
0-1: Swinging Strike
0-2: Ball
1-2: Ball
2-2: Foul Ball, location: 2F
2-2: Ball
3-2: Strikes out looking
Will Thomas is caught stealing 2nd base
Batter strikes out.
Bottom of the 6th over - 0 run(s), 0 hit(s), 0 error(s), 0 left on base; Austin 4 - Richardson City 5
TOP OF THE 7TH
Austin Rangers batting - Pitching for Richardson City Thundercats : RHP Eduardo Díaz
Pinch Hitting: RHB Justin Maldonado 0-0: Ball
1-0: Fly out, F8 (Flyball, 8LM)
Batting: LHB Phil Ritchie 0-0: Ground out 5-3 (Groundball, 56S)
Batting: SHB Todd Schenkel 0-0: Ball
1-0: Ball
2-0: Ground out U3 (Groundball, 3S)
Top of the 7th over - 0 run(s), 0 hit(s), 0 error(s), 0 left on base; Austin 4 - Richardson City 5
BOTTOM OF THE 7TH
Richardson City Thundercats batting - Pitching for Austin Rangers : RHP Owen Henderson
Pitching: RHP Joe Johnson
Batting: SHB Leonard O'Connor 0-0: Ball
1-0: Ball
2-0: Foul Ball, location: 2F
2-1: DOUBLE (Flyball, 78XD)
Pinch Hitting: RHB Yong-oon Yi 0-0: Intentional Walk
Pinch Hitting: LHB Jack Schmitt 0-0: Foul Ball, location: 2F
0-1: Ball
1-1: Ground out 3-1 (Groundball, 34)
Leonard O'Connor to third
Yong-oon Yi to second
Batting: LHB Terrence Eler 0-0: Intentional Walk
Batting: RHB Joey Jones 0-0: Ball
1-0: Ground out 5-3 (Groundball, 56S)
Leonard O'Connor scores
Yong-oon Yi to third
Terrence Eler to second
Batting: SHB Eugene Parrish 0-0: Called Strike
0-1: Ball
1-1: Swinging Strike
1-2: Ball
2-2: Foul Ball, location: 2F
2-2: Strikes out looking
Bottom of the 7th over - 1 run(s), 1 hit(s), 0 error(s), 2 left on base; Austin 4 - Richardson City 6
TOP OF THE 8TH
Austin Rangers batting - Pitching for Richardson City Thundercats : RHP Eduardo Díaz
Pitching: RHP António Lucero
Now in RF: Jack Schmitt
Batting: LHB Trent Kershaw 0-0: Ball
1-0: Ball
2-0: Ball
3-0: Called Strike
3-1: Base on Balls
Pitching: RHP Denny Marshall
Batting: RHB Florian Cesaresco 0-0: Fly out, F8 (Flyball, 8RM)
Batting: RHB Max White 0-0: Ball
1-0: Ball
2-0: Ball
3-0: Base on Balls
Trent Kershaw to second
Pinch Hitting: LHB Jon MacIntyre 0-0: Ball
1-0: Fly out, F4 (Popup, 34D)
Batting: RHB Randy Gregory 0-0: Ball
1-0: Called Strike
1-1: Called Strike
1-2: Ground out 5-3 (Groundball, 5)
Top of the 8th over - 0 run(s), 0 hit(s), 0 error(s), 2 left on base; Austin 4 - Richardson City 6
BOTTOM OF THE 8TH
Richardson City Thundercats batting - Pitching for Austin Rangers : RHP Joe Johnson
Now at 2B: Jon MacIntyre
Batting: LHB Jerry Wilson 0-0: Called Strike
0-1: Swinging Strike
0-2: Ball
1-2: Strikes out swinging
Batting: RHB Will Thomas 0-0: Ball
1-0: Foul Ball, location: 2F
1-1: Ball
2-1: Foul Ball, location: 2F
2-2: Ground out 5-3 (Groundball, 56S)
Batting: RHB Ron Ward 0-0: Called Strike
0-1: Ground out 6-3 (Groundball, 56)
Bottom of the 8th over - 0 run(s), 0 hit(s), 0 error(s), 0 left on base; Austin 4 - Richardson City 6
TOP OF THE 9TH
Austin Rangers batting - Pitching for Richardson City Thundercats : RHP Denny Marshall
Pitching: RHP Dave Reed
Now at SS: Spencer Curry
Batting: RHB Joseph Pate 0-0: Called Strike
0-1: SOLO HOME RUN (Flyball, 7D), Distance : 359 ft
Pinch Hitting: RHB Juan Alvarado 0-0: Called Strike
0-1: Called Strike
0-2: Ball
1-2: Ball
2-2: Strikes out looking
Batting: LHB Phil Ritchie 0-0: Ball
1-0: Ball
2-0: Ball
3-0: Called Strike
3-1: Foul Ball, location: 2F
3-2: Base on Balls
Batting: SHB Todd Schenkel 0-0: Called Strike
0-1: Foul Ball, location: 2F
0-2: Ball
1-2: Ball
2-2: Fielders Choice at 2nd, 4-6 (Groundball, 34)
Batting: LHB Trent Kershaw 0-0: Swinging Strike
0-1: Ball
1-1: Ball
2-1: Foul Ball, location: 2F
2-2: Ball
3-2: Ground out U3 (Groundball, 3S)
Top of the 9th over - 1 run(s), 1 hit(s), 0 error(s), 1 left on base; Austin 5 - Richardson City 6
This league is powered by Out of the Park Baseball, the baseball management simulation game for PC, Mac and Linux
Friday, October 23rd, 2015 - OOTP Baseball 16.9 Build 39